AoeStats
← MedicenKarly

Fortress

510235198Analyzed
4v4 RM · 2d ago on Sep 30, 2026· 51m 5s· 8 players
Game mode
Random Map
Map size
Huge
Population
200
Speed
Normal
Resources
Standard
Victory
Conquest
Starting age
Dark Age
Ending age
Imperial Age
RankedLock teamsTeams togetherTeam positionsShared explorationLock speedFull tech treeHidden civsTurbo modeCheats
Victory
Defeat
🇺🇸 Varangians · United States
837
+12
🇲🇽 Mongols · Mexico
819
+13
🇨🇦 Aztecs · Canada
815
+14
🇨🇳 Saracens · China
811
+13
🇪🇨 Teutons · Ecuador
853
-16
🇲🇽 Persians · Mexico
760
-13
🇧🇷 Teutons · Brazil
744
-13
🇪🇨 Inca · Ecuador
667
-10
Po bear8617
2:09 Loom
9:01 Feudal Age
9:54 Double-Bit Axe
11:10 Gold Mining
13:39 Castle Age
12:26 Horse Collar
15:47 Bow Saw
17:11 Heavy Plow
22:57 Wheelbarrow
26:33 Imperial Age
25:27 Hand Cart
25:01 Town Watch
26:58 Elite Jarl
28:46 Conscription
30:03 Two-Man Saw
29:10 Stone Mining
29:59 Bloodlines
29:50 Husbandry
31:12 Crop Rotation
31:33 Fortified Wall
32:07 Caravan
32:08 Gothikon
34:54 Forging
34:49 Scale Barding Armor
34:45 Scale Mail Armor
35:25 Squires
35:11 Gambesons
34:48 Man-at-Arms
34:49 Pikeman
36:08 Arson
36:32 Elite Varangian Guard
39:39 Long Swordsman
39:40 Halberdier
40:23 Two-Handed Swordsman
40:29 Cavalier
40:30 Light Cavalry
42:16 Capped Ram
42:18 Heavy Scorpion
43:34 Chain Barding Armor
43:50 Iron Casting
43:30 Chain Mail Armor
43:16 Padded Archer Armor
43:22 Fletching
45:50 Plate Barding Armor
46:39 Blast Furnace
46:30 Stone Shaft Mining
46:11 Siege Ram
46:33 Vendel Legacy
50:39 Plate Mail Armor
50:25 Leather Archer Armor
50:05 Bodkin Arrow
Coffee Bean
7:03 Feudal Age
7:26 Horse Collar
7:34 Double-Bit Axe
13:46 Castle Age
12:56 Wheelbarrow
14:45 Heavy Plow
17:38 Bow Saw
22:22 Hand Cart
22:20 Gold Mining
22:25 Stone Mining
23:28 Treadmill Crane
23:59 Fortified Wall
24:10 Ballistics
27:35 Imperial Age
26:02 Fletching
26:16 Padded Archer Armor
26:43 Forging
26:33 Scale Mail Armor
26:34 Town Watch
26:35 Loom
26:39 Eagle Warrior
27:05 Arson
27:20 Squires
27:27 Squires
27:13 Arson
28:19 Iron Casting
27:36 Elite Skirmisher
29:01 Chain Mail Armor
29:11 Conscription
28:28 Elite Jaguar Warrior
29:31 Garland Wars
29:38 Garland Wars
30:49 Blast Furnace
29:33 Elite Eagle Warrior
30:59 Plate Mail Armor
30:25 Pikeman
31:58 Fletching
32:08 Padded Archer Armor
33:54 Coinage
34:31 Bodkin Arrow
34:52 Leather Archer Armor
34:39 Atlatl
41:10 Bracer
43:07 Banking
48:24 Illumination
48:43 Theocracy
51:54 Fervor
MedicenKarly
0:41 Loom
8:36 Feudal Age
10:08 Stone Mining
10:00 Horse Collar
10:08 Double-Bit Axe
16:21 Castle Age
17:43 Wheelbarrow
25:29 Padded Archer Armor
27:48 Leather Archer Armor
27:25 Fletching
30:37 Nomads
32:51 Gold Mining
33:05 Bodkin Arrow
40:39 Imperial Age
38:41 Heavy Plow
39:00 Bow Saw
39:17 Thumb Ring
41:06 Bloodlines
40:56 Husbandry
40:54 Elite Mangudai
43:36 Ballistics
43:53 Bracer
45:12 Chemistry
45:08 Conscription
俺讨厌种田
8:01 Feudal Age
11:59 Castle Age
10:13 Horse Collar
10:40 Double-Bit Axe
14:22 Loom
30:06 Imperial Age
29:01 Ballistics
30:03 Padded Archer Armor
29:53 Fletching
30:04 Scale Mail Armor
30:09 Scale Barding Armor
30:17 Forging
32:40 Parthian Tactics
32:10 Elite Mameluke
33:01 Bimaristan
33:58 Leather Archer Armor
33:38 Bodkin Arrow
34:47 Chemistry
33:59 Masonry
38:00 Fortified Wall
37:46 Murder Holes
47:07 Bloodlines
46:58 Husbandry
46:19 Light Cavalry
Rompe--Anos
0:38 Loom
10:21 Feudal Age
15:23 Castle Age
15:01 Double-Bit Axe
15:00 Horse Collar
18:43 Heavy Plow
29:04 Bow Saw
32:47 Imperial Age
33:18 Wheelbarrow
34:43 Chemistry
34:03 Ballistics
34:28 Bloodlines
36:16 Elite War Elephant
37:20 Conscription
40:20 Forging
42:26 Scale Barding Armor
42:57 Iron Casting
43:08 Murder Holes
44:06 Citadels
45:54 Chain Barding Armor
45:35 Scale Mail Armor
46:39 Blast Furnace
MonoFete
8:28 Feudal Age
12:00 Castle Age
11:22 Double-Bit Axe
11:22 Horse Collar
16:33 Scale Mail Armor
16:43 Forging
19:31 Wheelbarrow
23:19 Imperial Age
24:00 Ballistics
24:05 Chain Mail Armor
24:26 Iron Casting
23:55 Squires
23:40 Arson
24:10 Gold Mining
24:59 Conscription
25:05 Fletching
25:34 Heavy Plow
29:09 Bodkin Arrow
30:15 Blast Furnace
29:46 Plate Mail Armor
30:36 Siege Engineers
32:04 Elite Teutonic Knight
35:06 Chemistry
38:04 Scale Barding Armor
38:00 Padded Archer Armor
Biscoitoso
0:46 Loom
8:21 Feudal Age
9:04 Double-Bit Axe
11:53 Horse Collar
15:51 Castle Age
15:12 Stone Mining
15:22 Gold Mining
18:14 Stone Shaft Mining
20:14 Fletching
20:51 Ironclad
22:40 Elite Skirmisher
24:03 Town Watch
24:54 Wheelbarrow
27:02 Bloodlines
27:35 Forging
27:26 Scale Mail Armor
29:07 Fervor
29:19 Heavy Plow
30:16 Scale Barding Armor
30:52 Fortified Wall
31:03 Ballistics
31:56 Bodkin Arrow
32:04 Scale Mail Armor
32:04 Padded Archer Armor
32:42 Bow Saw
36:56 Wheelbarrow
39:00 Imperial Age
39:16 Hand Cart
39:17 Masonry
39:44 Iron Casting
41:26 Conscription
41:29 Crenellations
41:49 Cavalier
ecuabot
8:13 Feudal Age
9:17 Double-Bit Axe
9:16 Horse Collar
15:37 Castle Age
23:51 Andean Sling
32:03 Imperial Age
29:36 Gold Mining
32:01 Murder Holes
33:33 Elite Kamayuk
Connection lost

Rejoining the realm…

Still unreachable

The connection could not be restored.

Session expired

The server has moved on; the page needs a fresh start.